 Dungeon Crawl Stone Soup version 0.29-a0-1052-g6990b1bffc (webtiles) character file.

Game seed: 14686262256021640607

130699 Zeldest the Grappler (level 16, -2/247 HPs)
             Began as a Troll Transmuter on Aug 18, 2022.
             Was a High Priest of Cheibriados.
             Slain by the 27-headed Lernaean hydra (3 damage)
             ... on level 4 of the Swamp.
             The game lasted 02:03:26 (14987 turns).

Zeldest the Grappler (Troll Transmuter)            Turns: 14987, Time: 02:03:27

Health: -2/247     AC: 16    Str: 46    XL:     16   Next: 53%
Magic:  8/21       EV:  8    Int: 29    God:    Cheibriados [*****.]
Gold:   1962       SH:  0    Dex: 24    Spells: 1/21 levels left

rFire   + + .      SeeInvis .     - Unarmed
rCold   . . .      Faith    .   (shield currently unavailable)
rNeg    . . .      Spirit   .   (body armour currently unavailable)
rPois   +          Reflect  .   (helmet currently unavailable)
rElec   .          Harm     .   (cloak currently unavailable)
rCorr   .          Rampage  .   (gloves unavailable)
Will    +....      Rage     3%  (boots unavailable)
Stlth   ++........              y - amulet of regeneration
HPRegen 2.11/turn               A - ring of protection from cold
MPRegen 0.17/turn               v - ring of wizardry

@: mighty, dragon-form, flying, very slightly contaminated, studying 2 skills,
invisible (expiring), very slow
A: dragon claw, dragon scales, breathe fire, flying, boosted hp, giant,
unfitting armour, (claws 3), regeneration 1, (shaggy fur 1), (tough skin 1),
berserk 1, low MP 1, wild magic 1, inability to drink after injury 1, (sturdy
frame 1)
a: Breathe Fire, End Transformation, Renounce Religion, Bend Time, Temporal
Distortion, Slouch, Step From Time


You were on level 4 of the Swamp.
You worshipped Cheibriados.
Cheibriados was extremely pleased with you.
You were a fearsome dragon!
You visited 6 branches of the dungeon, and saw 28 of its levels.
You also visited: Sewer, Bailey and Ice Cave.

You collected 3556 gold pieces.
You spent 1594 gold pieces at shops.

Inventory:

Missiles
 j - a throwing net
Armour
 F - a +2 troll leather armour (melded) {Snorg}
 H - a +1 hat of willpower (melded)
 L - a +1 kite shield of reflection
Jewellery
 h - an amulet of the acrobat
 s - a ring of poison resistance
 v - a ring of wizardry (right foreclaw)
 w - the ring "Wudis" {rF+ Int+2 Slay+3}
   (You bought it in a shop on level 4 of the Dungeon)

   [ring of protection from fire]

   Int:       It affects your intelligence (+2).
   Slay:      It affects your accuracy & damage with ranged weapons and melee
   (+3).
   rF:        It protects you from fire.
 y - an amulet of regeneration (around neck)
 A - a ring of protection from cold (left foreclaw)
 B - the ring of Beauty {Will+ Int+5 SInv}
   (You bought it in a shop on level 4 of the Dungeon)

   [ring of see invisible]

   Int:       It affects your intelligence (+5).
   SInv:      It lets you see invisible.
   Will:      It increases your willpower.
Wands
 b - a wand of flame (13)
 d - a wand of polymorph (2)
 f - a wand of acid (15)
 o - a wand of roots (6)
 z - a wand of mindburst (16)
 I - a wand of digging (9)
Scrolls
 g - 2 scrolls of teleportation
 l - 2 scrolls of fear
 m - 3 scrolls of identify
 p - 3 scrolls of amnesia
 q - 3 scrolls of vulnerability
 u - 5 scrolls of immolation
 C - 3 scrolls of noise
 G - 2 scrolls of magic mapping
Potions
 a - 4 potions of brilliance
 c - 4 potions of might
 e - 2 potions of attraction
 i - 2 potions of berserk rage
 n - 7 potions of curing
 t - 2 potions of magic
 x - a potion of lignification
 D - 2 potions of resistance
 E - 5 potions of flight
 M - a potion of ambrosia
Miscellaneous
 k - a condenser vane
 K - a box of beasts


   Skills:
 + Level 12.0 Fighting
 - Level 1.5 Dodging
 - Level 5.0 Shields
 + Level 14.3 Unarmed Combat
 + Level 3.4 Spellcasting
 + Level 12.0 Transmutations
 + Level 9.6 Earth Magic
 + Level 11.8 Invocations


You had one spell level left.
You knew the following spells:

 Your Spells              Type           Power      Damage    Failure   Level
a - Beastly Appendage     Tmut           100%       N/A       1%          1
b - Wereblood             Tmut           77%        N/A       1%          2
c - Mephitic Cloud        Conj/Pois/Air  6%         N/A       12%         3
d - Ice Form              Ice/Tmut       51%        N/A       4%          4
e - Apportation           Tloc           12%        N/A       4%          1
f - Dragon Form           Tmut           38%        N/A       22%         7
g - Blink                 Tloc           12%        N/A       6%          2

Your spell library contained the following spells:

 Spells                   Type           Power      Damage    Failure   Level
 Magic Dart               Conj           24%        1d4       4%          1
 Necrotise                Necr           24%        1d5       4%          1
 Slow                     Hex            24%        N/A       4%          1
 Summon Small Mammal      Summ           24%        N/A       4%          1
 Spider Form              Tmut/Pois      51%        N/A       1%          3
 Ignite Poison            Fire/Tmut/Pois 36%        N/A       2%          3
 Call Imp                 Summ           6%         N/A       6%          2
 Poisonous Vapours        Pois/Air       12%        N/A       6%          2
 Confusing Touch          Hex            6%         N/A       12%         3
 Inner Flame              Hex/Fire       6%         N/A       12%         3
 Ozocubu's Armour         Ice            6%         N/A       12%         3
 Vampiric Draining        Necr           6%         2d6       12%         3
 Cause Fear               Hex            3%         N/A       34%         4
 Corpse Rot               Necr/Pois/Air  6%         N/A       34%         4
 Dispel Undead            Necr           6%         3d8       34%         4
 Olgreb's Toxic Radiance  Pois           6%         N/A       34%         4
 Freezing Cloud           Conj/Ice/Air   3%         6-21      65%         5
 Manifold Assault         Tloc           6%         N/A       65%         5
 Metabolic Englaciation   Hex/Ice        3%         N/A       65%         5
 Storm Form               Tmut/Air       25%        N/A       91%         7
 Death Channel            Necr           3%         N/A       99%         6
 Simulacrum               Ice/Necr       3%         N/A       99%         6
 Ozocubu's Refrigeration  Ice            3%         4d8       100%        7
 Discord                  Hex            3%         N/A       100%        8
 Ignition                 Fire           3%         3d4       100%        8
 Dragon's Call            Summ           3%         N/A       100%        9


Dungeon Overview and Level Annotations

Branches:
Dungeon (15/15)            Temple (1/1) D:6            Lair (5/5) D:8
  Swamp (4/4) Lair:2       Spider (1/4) Lair:2          Orc (2/2) D:10
    Elf (0/3) Orc:2        Depths (0/4) D:15          Sewer (visited)
 Bailey (visited)           IceCv (visited)
  Slime: Lair:4-5    Vaults: D:13-14

Altars:
Ashenzari
Cheibriados
Fedhas
Hepliaklqana
Makhleb
Nemelex Xobeh
Okawaru
Trog
Vehumet
Wu Jian
Xom
Jiyva

Shops:
D:4 =   D:6 =   D:7 *((   D:10 (   Orc:2 =*((

Annotations:
D:3 2 transporters
Lair:1 3 runed translucent doors, Zeldest's ghost, journeyman NaMo
Swamp:4 Lernaean hydra


Innate Abilities, Weirdness & Mutations

You are a fearsome dragon!
You have a powerful clawing attack.
Your giant scaled body is strong and resiliant, but less evasive.
You can breathe fire.
You are flying.
Your maximum health is greatly increased.
Your armour is entirely melded.
You are incapable of wielding weapons or throwing items.
You are too large for most types of armour.
((You have claws for hands.))
Your natural rate of healing is unusually fast.
((You are covered in fur. (AC +1)))
((You have tough skin. (AC +1)))
You sometimes lose your temper in combat.
Your magical capacity is low. (-10% MP)
Your spells are a little harder to cast, but a little more powerful.
You occasionally lose the ability to drink potions when taking damage.
((Your movements are slightly less encumbered by armour. (ER -2)))


Message History

The 27-headed Lernaean hydra bites you but does no damage.
The 27-headed Lernaean hydra barely misses you.
The 27-headed Lernaean hydra bites you but does no damage. x2
Activating: Slouch (1% risk of failure)
Press: ? - help, Dir - look around, f - activate You can feel time thicken for a moment.
The 27-headed Lernaean hydra bites you!
The 27-headed Lernaean hydra barely misses you.
The 27-headed Lernaean hydra bites you.
The 27-headed Lernaean hydra bites you but does no damage.
The 27-headed Lernaean hydra bites you. The 27-headed Lernaean hydra bites you!
* * * LOW HITPOINT WARNING * * *
The 27-headed Lernaean hydra bites you.
* * * LOW HITPOINT WARNING * * *
The 27-headed Lernaean hydra bites you.
* * * LOW HITPOINT WARNING * * *
The 27-headed Lernaean hydra completely misses you.
The 27-headed Lernaean hydra bites you.
* * * LOW HITPOINT WARNING * * *
The 27-headed Lernaean hydra bites you.
* * * LOW HITPOINT WARNING * * *
The 27-headed Lernaean hydra bites you but does no damage. x2
The 27-headed Lernaean hydra barely misses you.
The 27-headed Lernaean hydra bites you but does no damage. x2
The 27-headed Lernaean hydra bites you!
* * * LOW HITPOINT WARNING * * *
The 27-headed Lernaean hydra bites you but does no damage.
The 27-headed Lernaean hydra bites you!
* * * LOW HITPOINT WARNING * * *
The 27-headed Lernaean hydra bites you.
* * * LOW HITPOINT WARNING * * *
The 27-headed Lernaean hydra bites you.
* * * LOW HITPOINT WARNING * * *
The 27-headed Lernaean hydra bites you!
* * * LOW HITPOINT WARNING * * *
The 27-headed Lernaean hydra closely misses you.
The 27-headed Lernaean hydra bites you but does no damage.
The 27-headed Lernaean hydra bites you!
* * * LOW HITPOINT WARNING * * *
The 27-headed Lernaean hydra bites you.
You die...

.~~~~~~~~♣♣ #≈##.≈§~≈#~#
♣.~~§~~~~~♣ #≈§~.#≈≈≈≈~.
....~~.~~~♣ ##≈≈.≈≈≈≈~≈~
~.~...~.~♣♣ #≈..≈≈##≈~≈
♣♣~§)..~.♣ ♣ #≈~†### ♣~.....♣♣
♣≈##≈†.# ♣♣♣♣÷..♣♣ . ##.##### #♣♣
♣♣~..~~~~♣♣ ♣≈#.D###≈♣ ♣≈#♣♣♣
.~~~~~~~~~♣♣♣.#.D§#§.♣♣♣♣♣♣~~≈≈♣
~~~~~~~~~~~♣♣♣~...#.♣≈≈≈≈♣♣≈≈≈~♣♣
~÷~§.~~~#~~♣≈♣♣.~..♣♣♣#≈~♣≈≈≈≈§≈♣
~~~.~♣~...♣~♣≈♣~÷♣♣♣≈...#≈≈~#~≈≈♣
~~~~§♣♣.......~~.♣♣≈~~.♣~≈~≈.~.♣
~~.♣♣♣♣...#..~...~♣~♣§.~~~...~.♣♣
~.♣♣♣♣~†...~.~...~.....#...~....♣
~♣♣♣♣......~~~~~~~~.♣...~~~..†.♣♣
♣♣♣♣.~~~.~~~§~.~~§~♣..~...^....♣


You could see the 27-headed Lernaean hydra (unable to see you, corroded).

Vanquished Creatures
  A lich (IceCv)
  Gastronok (Lair:2)
  A fire giant (D:15)
  A very ugly thing (IceCv)
  3 eleionomae
  A dire elephant (Lair:5)
  Azrael (D:13)
  Snorg (Orc:2)
  Josephine (Lair:3)
  A vault guard (D:13)
  17 hydras
  An ice dragon (D:14)
  4 boulder beetles
  Harold (D:11)
  5 catoblepae
  Erica (D:9)
  7 centaur warriors
  2 ghost crabs (Swamp:4)
  A two-headed ogre (D:12)
  4 death yaks
  A deep troll shaman (Lair:5)
  13 alligators
  4 tengu warriors
  An orc high priest (Orc:2)
  A spriggan berserker (Swamp:3)
  Urug (Lair:5)
  Nergalle (D:12)
  An orb spider (Lair:2)
  6 skeletal warriors
  A goliath frog (Swamp:4)
  A deep troll (D:15)
  4 bog bodies
  3 spriggan druids
  2 spriggan simulacra (IceCv)
  A wizard (D:13)
  A lindwurm (Lair:5)
  A necromancer (IceCv)
  10 swamp dragons
  A deep elf zephyrmancer (D:15)
  2 orc knights
  3 orc sorcerers (Orc:2)
  6 cyclopes
  A deep elf pyromancer (D:15)
  3 will-o-the-wisps
  6 manticores
  5 ugly things
  12 elephants
  4 black mambas
  14 cane toads
  A kobold demonologist (D:10)
  18 freezing wraiths
  5 komodo dragons
  An efreet (D:15)
  An unseen horror (shapeshifter) (D:13)
  A rime drake (D:9)
  A tengu conjurer (D:10)
  An anaconda simulacrum (IceCv)
  3 golden dragon simulacra (IceCv)
  An ice devil (IceCv)
  6 trolls
  5 polar bears
  5 tyrant leeches
  A queen bee (shapeshifter) (D:15)
  Grinder (D:5)
  4 hornets
  A tarantella (Spider:1)
  9 blink frogs
  10 slime creatures
  7 dream sheep (Lair:3)
  Sigmund (D:2)
  2 centaur simulacra (D:14)
  2 wyverns
  5 dire elephant simulacra (IceCv)
  A culicivora (Lair:2)
  5 wraiths
  3 vampires
  A human (D:13)
  49 yaks
  2 shadows (D:12)
  3 fire elementals (D:13)
  5 spriggans
  Grum (D:9)
  5 vampire mosquitoes
  5 basilisks
  4 steam dragons
  9 harpy simulacra
  7 swamp worms
  8 water moccasins
  An acid dragon (D:10)
  A hell hound (D:13)
  5 swamp drakes (Swamp:4)
  A meliai simulacrum (D:14)
  3 ice beasts
  31 orc warriors
  A black bear (Lair:5)
  3 alligator simulacra (IceCv)
  3 ettin simulacra (IceCv)
  4 ogres (Orc:2)
  21 wolves
  19 centaurs
  3 phantoms
  3 kobold brigands
  7 bullfrogs
  2 necrophages
  A gnoll sergeant (D:9)
  5 scorpions
  19 wights
  3 deep troll simulacra (IceCv)
  13 killer bees
  3 howler monkeys (D:8)
  7 electric eels
  2 jellies
  2 hounds
  25 orc priests
  2 iguanas
  29 orc wizards
  2 boggart simulacra (D:14)
  8 gnolls
  3 river rats (Sewer)
  7 adders
  5 white imps
  An ufetubus (D:14)
  4 worms
  A dart slug (D:5)
  91 orcs
  4 ball pythons
  2 bats (D:3)
  A giant cockroach (D:4)
  3 goblins
  4 hobgoblins
  8 jackals
  2 quokkas (D:4)
  4 frilled lizards
  7 kobolds
  5 rats
746 creatures vanquished.

Vanquished Creatures (collateral kills)
  Eustachio (D:5)
  2 ogres (D:5)
  3 orc priests
  2 orcs (D:5)
  2 giant cockroaches (D:5)
  2 kobolds (D:2)
  A goblin (D:2)
  A rat (D:5)
14 creatures vanquished.

Vanquished Creatures (others)
  A manticore (D:15)
  A bloated husk (Swamp:1)
  A spriggan (Swamp:2)
  A centaur (Bailey)
  A necrophage (D:6)
  An orc (Orc:2)
  2 bushes (Lair:4)
  10 foxfires
  41 fungi
  86 plants
145 creatures vanquished.

Grand Total: 905 creatures vanquished

Notes
Turn   | Place    | Note
-------+----------+-------------------------------------------
     0 | D:1      | Zeldest the Troll Transmuter began the quest for the Orb.
     0 | D:1      | Reached XP level 1. HP: 18/18 MP: 1/1
   121 | D:1      | Found a faded altar of an unknown god.
   149 | D:1      | Prayed at the altar of an unknown god.
   149 | D:1      | Became a worshipper of Xom of Chaos
   267 | D:2      | XOM: cloud trail
   323 | D:2      | Reached skill level 1 in Fighting
   323 | D:2      | Reached XP level 2. HP: 11/27 MP: 3/3
   372 | D:3      | Found a transporter.
   374 | D:3      | Noticed an electric eel
   374 | D:3      | Noticed an electric eel
   444 | D:3      | Learned a level 2 spell: Wereblood
   445 | D:3      | XOM: 5-stop teleportation journey
   538 | D:3      | Found a transporter.
   538 | D:3      | XOM: 1-stop teleportation journey
   543 | D:3      | Noticed an electric eel
   567 | D:3      | Reached XP level 3. HP: 33/33 MP: 4/4
   622 | D:3      | Found a bloodstained altar of Trog.
   623 | D:3      | Found a sparkling altar of Nemelex Xobeh.
   623 | D:3      | Found a broken altar of Ashenzari.
   758 | D:4      | XOM: 1-stop teleportation journey
   778 | D:2      | Noticed Sigmund
   778 | D:2      | XOM: 1-stop teleportation journey
   781 | D:2      | XOM: confusion (+ monsters)
   795 | D:2      | Killed Sigmund
   796 | D:2      | Reached XP level 4. HP: 42/42 MP: 3/5
   796 | D:2      | Reached XP level 5. HP: 49/49 MP: 3/6
   849 | D:2      | XOM: cast spell 'Monstrous Menagerie'
   914 | D:4      | Noticed a phantom
   928 | D:4      | XOM: silly message
   932 | D:4      | Killed a phantom
   933 | D:4      | Reached skill level 4 in Unarmed Combat
   933 | D:4      | Reached XP level 6. HP: 53/58 MP: 4/8
   939 | D:4      | Found Cofe's One-of-a-Kind Rings.
  1117 | D:4      | XOM: potion effect (brilliance)
  1177 | D:4      | XOM: 7-stop teleportation journey
  1245 | D:4      | XOM: give mutations
  1245 | D:4      | Gained mutation: You passively dampen the noise of your
                  | surroundings. [Xom's mischief]
  1245 | D:4      | Gained mutation: You are clumsy. (Dex -2) [Xom's mischief]
  1245 | D:4      | Gained mutation: You are dopey. (Int -2) [Xom's mischief]
  1247 | D:5      | Entered Level 5 of the Dungeon
  1247 | D:5      | Noticed Eustachio
  1255 | D:5      | Killed Eustachio
  1256 | D:5      | Reached XP level 7. HP: 66/66 MP: 9/9
  1278 | D:5      | Noticed Grinder
  1280 | D:5      | Paralysed by Grinder for 4 turns
  1294 | D:5      | Killed Grinder
  1295 | D:5      | Reached skill level 5 in Unarmed Combat
  1300 | D:5      | Reached XP level 8. HP: 61/75 MP: 9/11
  1310 | D:5      | Found a glowing drain.
  1397 | Sewer    | Entered a sewer
  1526 | Sewer    | XOM: fog
  1687 | Sewer    | XOM: enchant monster (bad)
  1691 | Sewer    | Reached skill level 5 in Transmutations
  1934 | D:5      | XOM: enchant monster (bad)
  1949 | D:5      | XOM: silly message
  2072 | D:5      | Reached skill level 6 in Unarmed Combat
  2221 | D:6      | XOM: confusion
  2253 | D:6      | Reached XP level 9. HP: 21/85 MP: 12/12
  2284 | D:6      | XOM: summons 2 hostile demons
  2388 | D:6      | XOM: divination: magic mapping
  2453 | D:6      | Found Heps's Jewellery Shop.
  2466 | D:6      | Bought an amulet of regeneration for 330 gold pieces
  2516 | D:6      | XOM: blink monster(s)
  2546 | D:6      | XOM: blink monster(s)
  2606 | D:6      | Found a staircase to the Ecumenical Temple.
  2613 | Temple   | Entered the Ecumenical Temple
  2644 | Temple   | Fell from the grace of Xom
  2644 | Temple   | Became a worshipper of Cheibriados the Contemplative
  2846 | D:6      | Reached skill level 5 in Fighting
  3074 | D:6      | Reached skill level 1 in Invocations
  3109 | D:7      | Reached skill level 7 in Unarmed Combat
  3162 | D:7      | Found Goesy's Assorted Antiques.
  3170 | D:7      | Bought a scroll labelled BAGROZ ZOMY for 24 gold pieces
  3170 | D:7      | Bought a scroll labelled BESEQU LEAMP for 24 gold pieces
  3171 | D:7      | Acquired 991 gold pieces
  3234 | D:4      | Bought the ring of Beauty {Will+ Int+5 SInv} for 533 gold
                  | pieces
  3278 | D:6      | XOM: torment (45/88 hp)
  3318 | D:7      | XOM: give mutations
  3318 | D:7      | Gained mutation: You are weak. (Str -2) [Xom's mischief]
  3318 | D:7      | Gained mutation: Armour fits poorly on your strangely
                  | shaped body. [Xom's mischief]
  3349 | D:7      | Found an iron altar of Okawaru.
  3399 | D:7      | Found Enivoatu's Antique Weapon Boutique.
  3422 | D:7      | Reached * piety under Cheibriados
  3465 | D:7      | Found Galileu's Weapon Shop.
  3505 | D:7      | Found an ornate altar of the Wu Jian Council.
  3511 | D:7      | XOM: give mutations
  3511 | D:7      | Gained mutation: You possess an exceptional clarity of
                  | mind. [Xom's grace]
  3511 | D:7      | Lost mutation: You are weak. (Str -2) [Xom's grace]
  3511 | D:7      | Gained mutation: You are covered in thick fur. (AC +2)
                  | [Xom's grace]
  3677 | D:8      | XOM: enchant monster (bad)
  3693 | D:8      | Reached XP level 10. HP: 70/92 MP: 10/13
  3702 | D:8      | Identified the +7 scimitar of Recklessness {holy, Fly rPois
                  | Int+2}
  3832 | D:8      | Found a flagged portal.
  3847 | Bailey   | Entered a bailey
  3873 | Bailey   | Reached ** piety under Cheibriados
  4057 | Bailey   | Learned a level 3 spell: Mephitic Cloud
  4061 | Bailey   | Reached skill level 8 in Unarmed Combat
  4246 | Bailey   | Reached *** piety under Cheibriados
  4406 | D:8      | Found a staircase to the Lair.
  4608 | D:9      | Reached XP level 11. HP: 79/104 MP: 12/14
  4608 | D:9      | Reached **** piety under Cheibriados
  4609 | D:9      | Reached skill level 5 in Invocations
  4613 | D:9      | Noticed a two-headed ogre
  4616 | D:9      | a two-headed ogre changed into a rime drake
  4705 | D:8      | XOM: silly message
  4706 | Lair:1   | Entered Level 1 of the Lair of Beasts
  4715 | Lair:1   | Found a runed translucent gate.
  4715 | Lair:1   | Found a runed translucent gate.
  4715 | Lair:1   | Found a runed translucent gate.
  4719 | Lair:1   | Noticed a glowing orange brain
  4719 | Lair:1   | Noticed Zeldest's ghost (journeyman NaMo)
  4728 | Lair:1   | Reached skill level 9 in Unarmed Combat
  4728 | Lair:1   | Found a viscous altar of Jiyva.
  4765 | Lair:1   | XOM: noise
  4837 | D:9      | Noticed Grum
  4846 | D:9      | Killed Grum
  4934 | D:10     | Entered Level 10 of the Dungeon
  5020 | D:10     | Noticed a brown ugly thing
  5032 | D:10     | Killed a brown ugly thing
  5032 | D:10     | Reached ***** piety under Cheibriados
  5188 | D:10     | Found Yzoanyng's Weapon Boutique.
  5317 | D:10     | XOM: scenery: create altars
  5318 | D:10     | Noticed a tengu warrior
  5371 | D:9      | Noticed Erica
  5378 | D:9      | Killed Erica
  5378 | D:9      | XOM: noise
  5379 | D:9      | Reached skill level 10 in Unarmed Combat
  5718 | Lair:2   | Reached XP level 12. HP: 68/119 MP: 16/16
  5742 | Lair:2   | Found a staircase to the Swamp.
  5773 | Lair:2   | Reached skill level 1 in Earth Magic
  5969 | Lair:2   | Noticed a catoblepas
  5976 | Lair:2   | Killed a catoblepas
  6009 | Lair:3   | XOM: noise
  6011 | Lair:3   | Lost mutation: You are clumsy. (Dex -2) [potion of
                  | mutation]
  6011 | Lair:3   | Lost mutation: You are covered in thick fur. (AC +2)
                  | [potion of mutation]
  6011 | Lair:3   | Lost mutation: You possess an exceptional clarity of mind.
                  | [potion of mutation]
  6011 | Lair:3   | Gained mutation: You possess an exceptional clarity of
                  | mind. [potion of mutation]
  6056 | Lair:3   | Noticed Josephine
  6067 | Lair:3   | Killed Josephine
  6088 | Lair:3   | Noticed an eight-headed hydra
  6088 | Lair:3   | XOM: 4-stop teleportation journey
  6113 | Lair:3   | Learned a level 4 spell: Ice Form
  6173 | Lair:3   | XOM: give mutations
  6173 | Lair:3   | Gained mutation: You are clumsy. (Dex -2) [Xom's mischief]
  6173 | Lair:3   | Gained mutation: Your body sometimes deteriorates upon
                  | taking damage. [Xom's mischief]
  6212 | Lair:4   | Noticed an eight-headed hydra
  6220 | Lair:4   | Killed an eight-headed hydra
  6225 | Lair:4   | Noticed a death yak
  6232 | Lair:4   | Noticed a catoblepas
  6235 | Lair:4   | Killed a death yak
  6244 | Lair:3   | Killed a catoblepas
  6304 | Lair:4   | Reached skill level 11 in Unarmed Combat
  6441 | Lair:4   | Noticed a catoblepas
  6451 | Lair:4   | Killed a catoblepas
  6476 | Lair:4   | Reached XP level 13. HP: 120/131 MP: 18/18
  6483 | Lair:4   | Reached ****** piety under Cheibriados
  6555 | Lair:4   | XOM: summons 2 hostile shadow creatures
  6778 | Lair:4   | XOM: stat loss: -2 Int (29/31)
  7115 | D:10     | Found a staircase to the Orcish Mines.
  7143 | Orc:1    | Entered Level 1 of the Orcish Mines
  7179 | Orc:1    | Reached skill level 5 in Earth Magic
  7208 | Orc:2    | XOM: noise
  7208 | Orc:2    | Entered Level 2 of the Orcish Mines
  7208 | Orc:2    | Noticed Snorg
  7217 | Orc:2    | Killed Snorg
  7218 | Orc:2    | Reached skill level 10 in Transmutations
  7242 | Orc:2    | Found a staircase to the Elven Halls.
  7337 | Orc:2    | Paralysed by an orc sorcerer for 5 turns
  7549 | Orc:2    | Found Cuill's Assorted Antiques.
  7549 | Orc:2    | Found Zusetit's Jewellery Shoppe.
  7550 | Orc:2    | Found Gyqyet's Weapon Emporium.
  7553 | Orc:2    | Found Wawul's Antique Weapon Emporium.
  7620 | Orc:2    | XOM: give mutations
  7620 | Orc:2    | Gained mutation: You are frail. (-10% HP) [Xom's mischief]
  7620 | Orc:2    | Gained mutation: You occasionally lose the ability to drink
                  | potions when taking damage. [Xom's mischief]
  7620 | Orc:2    | Gained mutation: You are strong-willed. (Will+) [Xom's
                  | mischief]
  7620 | Orc:2    | Lost mutation: Armour fits poorly on your strangely shaped
                  | body. [Xom's mischief]
  8026 | Lair:2   | Noticed Gastronok
  8036 | Lair:2   | Killed Gastronok
  8179 | Lair:3   | Reached skill level 12 in Unarmed Combat
  8309 | Lair:5   | Entered Level 5 of the Lair of Beasts
  8435 | Lair:5   | Reached skill level 10 in Fighting
  8493 | Lair:5   | Reached XP level 14. HP: 95/128 MP: 18/20
  8940 | Lair:5   | Noticed Urug
  8954 | Lair:5   | Killed Urug
  8970 | Lair:5   | XOM: stat loss: -2 Str (34/36)
  9040 | Lair:5   | XOM: noise
  9110 | Lair:5   | XOM: draining
  9443 | Lair:3   | Learned a level 1 spell: Apportation
  9570 | Lair:2   | Found a hole to the Spider Nest.
  9598 | Spider:1 | Entered Level 1 of the Spider Nest
 10056 | D:11     | XOM: scenery: create altars
 10056 | D:11     | Was forgiven by Xom
 10120 | D:11     | Noticed Harold
 10169 | D:11     | Killed Harold
 10362 | D:12     | Reached skill level 10 in Invocations
 10573 | D:12     | Noticed Nergalle
 10582 | D:12     | Killed Nergalle
 10891 | D:13     | Lost mutation: You occasionally lose the ability to drink
                  | potions when taking damage. [potion of mutation]
 10891 | D:13     | Lost mutation: You are clumsy. (Dex -2) [potion of
                  | mutation]
 10891 | D:13     | Lost mutation: You passively dampen the noise of your
                  | surroundings. [potion of mutation]
 10891 | D:13     | Gained mutation: Your movements are slightly less
                  | encumbered by armour. (ER -2) [potion of mutation]
 11042 | D:13     | Reached skill level 13 in Unarmed Combat
 11356 | D:13     | Noticed Azrael
 11414 | D:13     | Killed Azrael
 11460 | D:13     | Reached skill level 1 in Shields
 11533 | D:13     | Reached XP level 15. HP: 127/136 MP: 21/21
 11780 | D:14     | Found a frozen archway.
 11808 | IceCv    | Entered an ice cave
 12078 | IceCv    | HP: 8/164 [spriggan defender simulacrum (15)]
 12169 | IceCv    | Lost mutation: You are strong-willed. (Will+) [potion of
                  | mutation]
 12169 | IceCv    | Lost mutation: You are frail. (-10% HP) [potion of
                  | mutation]
 12169 | IceCv    | Lost mutation: You are dopey. (Int -2) [potion of mutation]
 12169 | IceCv    | Gained mutation: Your spells are a little harder to cast,
                  | but a little more powerful. [potion of mutation]
 12169 | IceCv    | Gained mutation: You are dopey. (Int -2) [potion of
                  | mutation]
 12170 | IceCv    | Lost mutation: You are dopey. (Int -2) [potion of mutation]
 12170 | IceCv    | Lost mutation: You possess an exceptional clarity of mind.
                  | [potion of mutation]
 12170 | IceCv    | Gained mutation: You are frail. (-10% HP) [potion of
                  | mutation]
 12170 | IceCv    | Lost mutation: You are frail. (-10% HP) [potion of
                  | mutation]
 12170 | IceCv    | Gained mutation: You possess an exceptional clarity of
                  | mind. [potion of mutation]
 12170 | IceCv    | Gained mutation: You are agile. (Dex +4, Str/Int -1)
                  | [potion of mutation]
 12173 | IceCv    | Found an ancient bone altar of Kikubaaqudgha.
 12181 | IceCv    | Noticed a lich
 12384 | IceCv    | Killed a lich
 12844 | D:15     | Entered Level 15 of the Dungeon
 12936 | D:15     | Identified the +3 leather armour "Roovvuet" {Rampage Int+4}
 12969 | D:15     | Lost mutation: You are agile. (Dex +4, Str/Int -1) [potion
                  | of mutation]
 12969 | D:15     | Lost mutation: You possess an exceptional clarity of mind.
                  | [potion of mutation]
 12969 | D:15     | Gained mutation: Your magical capacity is low. (-10% MP)
                  | [potion of mutation]
 12969 | D:15     | Lost mutation: Your body sometimes deteriorates upon taking
                  | damage. [potion of mutation]
 12969 | D:15     | Lost mutation: Your magical capacity is low. (-10% MP)
                  | [potion of mutation]
 13173 | D:15     | Learned a level 7 spell: Dragon Form
 13182 | D:15     | Gained mutation: Your magical capacity is low. (-10% MP)
                  | [mutagenic glow]
 13202 | D:15     | Gained mutation: You sometimes lose your temper in combat.
                  | [mutagenic glow]
 13633 | D:4      | Bought the ring "Wudis" {rF+ Int+2 Slay+3} for 683 gold
                  | pieces
 14006 | D:15     | Found a staircase to the Depths.
 14006 | D:15     | Noticed a fire giant
 14019 | D:15     | Killed a fire giant
 14327 | Swamp:1  | Entered Level 1 of the Swamp
 14441 | Swamp:2  | Identified the +0 leather armour "Imor" {Regen+ Stlth+}
 14501 | Swamp:3  | Reached XP level 16. HP: 163/163 MP: 21/21
 14545 | Swamp:4  | Entered Level 4 of the Swamp
 14547 | Swamp:4  | Reached skill level 14 in Unarmed Combat
 14586 | Swamp:4  | Gained mutation: You occasionally lose the ability to drink
                  | potions when taking damage. [mutagenic glow]
 14802 | Swamp:4  | Reached skill level 5 in Shields
 14900 | Swamp:4  | Noticed the 27-headed Lernaean hydra
 14933 | Swamp:4  | Learned a level 2 spell: Blink
 14987 | Swamp:4  | HP: 12/247 [the 27-headed Lernaean hydra (12)]
 14987 | Swamp:4  | HP: 1/247 [the 27-headed Lernaean hydra (11)]
 14987 | Swamp:4  | Slain by the 27-headed Lernaean hydra

Illustrated notes

Levels and vault maps discovered:
D:1:      dpeg_arrival_arbitrary_c, layout_loops_ring,
          hellmonk_ecumenical_altar_zigzags
D:2:      layout_loops_corners, mrwooster_statue_mirror, uniq_sigmund
D:3:      gammafunk_steamed_eel, layout_loops_corners,
          chequers_temple_overflow_statue_of_worship
D:4:      layout_cave_pools, nicolae_shop_unique_rings, kennysheep_orc_chapel
D:5:      layout_rooms, portal_sewer_entry_a, uniq_eustachio, uniq_grinder
D:6:      layout_loops_ring, minmay_temple_entry_statues_fountains,
          serial_shops, shop_statue, minmay_misc_feat_four_crosses,
          lightli_minifort
D:7:      layout_rooms, pdpol_wu_jian_five_deadly_venoms, okawaru_humans,
          zin_scriptorium, serial_shops, shop, shop, shop
D:8:      layout_basic, lair_entry_dummy, enter_bailey_7
D:9:      layout_basic, uniq_grum, uniq_erica
D:10:     cheibrodos_barr_body, layout_rooms, lemuel_coloured_pillars_altar,
          david_orc_5, serial_shops, nicolae_inconvenience_store
D:11:     layout_long_grid, uniq_harold
D:12:     layout_irregular_city, nzn_life_drinkers, uniq_nergalle
D:13:     layout_basic, grunt_vaults_entry_fortified, minmay_librarian,
          uniq_azrael
D:14:     layout_loops_cross, portal_ice_cave_entry_dragon, serial_ice,
          serial_ice_f, serial_ice_a, serial_ice_k, serial_ice_c, serial_ice_n,
          serial_ice_e, serial_ice_o, serial_ice_h
D:15:     grunt_enter_depths_giant_problem, layout_cave_pools, minivault_12
Temple:   regret_index_temple_generic_petals
Lair:1:   layout_regular_city, gammafunk_ghost_ooze, grunt_megastairs_4
Lair:2:   layout_long_grid, swamp_mist, nicolae_spider_entry_orb_guardian,
          serial_bayou_shore_b, uniq_gastronok
Lair:3:   layout_layer_cave, serial_bayou_lake_a, uniq_josephine
Lair:4:   layout_loops_ring, dpeg_slime_entry_corner, nicolae_lair_yak_garden
Lair:5:   grunt_lair_end_beastmaster, layout_cave_shapes, minivault_23,
          chequers_serial_rivers_small_3, kennysheep_basilisk_garden, uniq_urug
Swamp:1:  nicolae_swamp_secret_spriggan_hideout, layout_basic_swamp,
          evilmike_swamp_ruin_rubble_1
Swamp:2:  layout_basic_swamp, evilmike_swamp_ruin_house_4
Swamp:3:  layout_basic_swamp, evilmike_swamp_ruin_house_3
Swamp:4:  swamp_old_school, layout_basic_swamp
Spider:1: layout_spider_delve
Orc:1:    layout_diamond_mine, mines2_david, uniq_sonja
Orc:2:    st_orc_mages, layout_caves, uniq_snorg, uniq_donald

Skill      XL: |  1  2  3  4  5  6  7  8  9 10 11 12 13 14 15 16 |
---------------+-------------------------------------------------+-----
Fighting       | 1 2 3 4 5 6 8 9 10 11 12 | 12.0
Transmutations | 2 3 4 6 7 8 9 10 11 12 | 12.0
Spellcasting   | 2 3 |  3.4
Unarmed Combat | 4 5 6 7 8 10 11 12 13 14 | 14.3
Invocations    | 2 4 6 8 9 10 11 | 11.8
Earth Magic    | 4 6 7 9 |  9.6
Shields        | 1 4 5 |  5.0
Dodging        | |  1.5

Action                   |  1- 3 |  4- 6 |  7- 9 | 10-12 | 13-15 | 16-18 || total
-------------------------+-------+-------+-------+-------+-------+-------++-------
Melee: Unarmed           |    79 |    65 |   318 |   452 |  1036 |    90 ||  2040
       Kick              |     3 |     3 |    12 |   133 |   153 |       ||   304
       Punch             |       |       |     6 |    38 |    52 |     7 ||   103
       Headbutt          |       |       |    11 |    79 |    90 |       ||   180
       Tailslap          |       |       |       |       |     6 |    15 ||    21
       Bite              |       |       |       |       |     5 |     5 ||    10
 Cast: Wereblood         |     4 |     3 |     4 |    29 |    44 |       ||    84
       Beastly Appendage |     3 |     3 |     5 |    35 |    49 |       ||    95
       Mephitic Cloud    |       |       |       |    20 |     2 |       ||    22
       Ice Form          |       |       |       |     1 |    21 |       ||    22
       Dragon Form       |       |       |       |       |     6 |    11 ||    17
       Blink             |       |       |       |       |       |     1 ||     1
Invok: Slouch            |       |       |       |     1 |     8 |     3 ||    12
       Temporal Distorti |       |       |       |       |     8 |       ||     8
       Step From Time    |       |       |       |       |     3 |       ||     3
 Abil: End Transformatio |       |       |       |     1 |    14 |     1 ||    16
       Breathe Fire      |       |       |       |       |     5 |     5 ||    10
Evoke: Wand              |       |       |     3 |    16 |    37 |     4 ||    60
       Box of beasts     |       |       |       |       |     1 |       ||     1
       Condenser vane    |       |       |       |       |     1 |       ||     1
  Use: Potion            |     1 |       |    10 |    10 |    20 |     3 ||    44
       Scroll            |       |       |     7 |    12 |    13 |     1 ||    33
 Stab: Sleeping          |     1 |       |       |     1 |     2 |     2 ||     6
       Invisible         |       |       |     4 |       |    10 |       ||    14
       Confused          |       |       |       |     3 |       |       ||     3
       Paralysed         |       |       |       |       |     5 |       ||     5
       Distracted        |       |       |       |       |     1 |       ||     1
Armor: Robe              |    38 |    12 |    50 |       |       |       ||   100
       Skin              |     2 |       |     2 |     4 |   105 |   110 ||   223
       Steam dragon scal |       |       |    50 |    68 |       |       ||   118
       Troll leather arm |       |       |       |    41 |   265 |       ||   306
Dodge: Dodged            |    28 |    20 |   171 |   297 |   481 |    62 ||  1059
Block: Kite shield       |       |       |       |       |   214 |       ||   214
       Reflection        |       |       |       |       |    31 |       ||    31

Table legend: (Time is in decaauts)
 A = Elapsed time spent in this place.
 B = Non-inter-level travel time spent in this place.
 C = Inter-level travel time spent in this place.
 D = Time resting spent in this place.
 E = Time spent auto-exploring this place.
 F = Levels seen in this place.
 G = Mean time per level.
                   A        B        C        D        E       F      G
               +--------+--------+--------+--------+--------+-----+--------+
         Total |  23018 |  20011 |   3007 |    228 |    923 |  31 |  742.5 |
       Dungeon |  12604 |  10248 |   2356 |    160 |    815 |  15 |  840.3 |
        Temple |     66 |     50 |     16 |      0 |      0 |   1 |   66.0 |
          Lair |   6031 |   5397 |    634 |     26 |      0 |   5 | 1206.2 |
         Swamp |   1101 |   1101 |      0 |     42 |      0 |   4 |  275.2 |
   Spider Nest |     11 |     11 |      0 |      0 |      0 |   1 |   11.0 |
  Orcish Mines |    764 |    764 |      0 |      0 |      0 |   2 |  382.0 |
         Sewer |    553 |    553 |      0 |      0 |    107 |   1 |  553.0 |
        Bailey |    658 |    658 |      0 |      0 |      0 |   1 |  658.0 |
      Ice Cave |   1226 |   1226 |      0 |      0 |      0 |   1 | 1226.0 |
               +--------+--------+--------+--------+--------+-----+--------+

Top non-repeatable levels by time:
  Lair:3: 1387 daAuts
    D:13: 1378 daAuts
  Lair:5: 1366 daAuts
    D:15: 1297 daAuts
    D:12: 1252 daAuts
   IceCv: 1226 daAuts
  Lair:4: 1155 daAuts
    D:14: 1136 daAuts
     D:8: 1116 daAuts
    D:10: 1093 daAuts
     D:6: 1068 daAuts
  Lair:2: 1066 daAuts
  Lair:1: 1056 daAuts
    D:11: 1054 daAuts
     D:9: 803 daAuts
